 Dungeon Crawl Stone Soup version 0.29.1-15-g9cfb28693d (webtiles) character file.

Game seed: 16132141513956887376

5219 Smoke131 the Grappler (level 10, -7/102 HPs)
             Began as a Troll Gladiator on Apr 13, 2023.
             Was an Elder of Okawaru.
             Mangled by a vampire (10 damage)
             ... on level 9 of the Dungeon.
             The game lasted 00:19:49 (6601 turns).

Smoke131 the Grappler (Troll Gladiator)             Turns: 6601, Time: 00:19:50

Health: -7/102     AC: 10    Str: 31    XL:     10   Next: 35%
Magic:  13/13      EV: 10    Int:  7    God:    Okawaru [****..]
Gold:   506        SH:  0    Dex: 11    Spells: 9/9 levels left

rFire   + . .      SeeInvis .     - Unarmed
rCold   + . .      Faith    .   (no shield)
rNeg    . . .      Spirit   .   n - +0 steam dragon scales
rPois   +          Reflect  .   i - +1 hat
rElec   .          Harm     .   q - +1 cloak
rCorr   .          Rampage  .   (gloves unavailable)
Will    +....                   (boots unavailable)
Stlth   +.........              x - amulet of regeneration
HPRegen 1.87/turn               e - ring of poison resistance
MPRegen 0.13/turn               u - ring "Vuntatos" {rF+ rC+ Will+ Str+3 Int+3}

@: about to teleport
A: large, unfitting armour, claws 3, regeneration 1, shaggy fur 1, tough skin 1
a: Renounce Religion, Heroism, Finesse


You were on level 9 of the Dungeon.
You worshipped Okawaru.
Okawaru was greatly pleased with you.
You visited 2 branches of the dungeon, and saw 10 of its levels.

You collected 506 gold pieces.

Inventory:

Missiles
 b - 2 boomerangs of dispersal
 c - 3 throwing nets
 d - a large rock
 g - 5 atropa-tipped darts
 A - 4 javelins
 B - 9 poisoned darts
 G - 2 boomerangs (quivered)
 N - 2 silver javelins
Armour
 i - a +1 hat (worn)
 n - +0 steam dragon scales (worn)
 q - a +1 cloak (worn)
Jewellery
 e - a ring of poison resistance (left claw)
 u - the ring "Vuntatos" (right claw) {rF+ rC+ Will+ Str+3 Int+3}
   (You acquired it on level 8 of the Dungeon)

   [ring of protection from fire]

   Str:       It affects your strength (+3).
   Int:       It affects your intelligence (+3).
   rF:        It protects you from fire.
   rC:        It protects you from cold.
   Will:      It increases your willpower.
 x - an amulet of regeneration (around neck)
 C - a ring of resist corrosion
 E - a +4 ring of slaying
Wands
 O - a wand of polymorph (5)
Scrolls
 j - 3 scrolls of amnesia
 m - 2 scrolls of enchant armour
 s - a scroll of enchant weapon
 y - a scroll of magic mapping
 F - a scroll of fog
 H - a scroll of fear
 K - 3 scrolls of poison
Potions
 h - a potion of cancellation {unknown}
 k - 5 potions of curing
 l - a potion of might {unknown}
 o - 2 potions of haste
 p - a potion of lignification {unknown}
 r - 3 potions of flight
 t - a potion of berserk rage {unknown}
 v - 3 potions of ambrosia
 w - a potion of mutation {unknown}
 z - a potion of brilliance {unknown}
 D - a potion of heal wounds {unknown}


   Skills:
 + Level 7.0 Fighting
 + Level 7.5 Throwing
 + Level 0.0 Armour
 - Level 3.0 Dodging
 * Level 8.7 Unarmed Combat
 + Level 5.4 Invocations


You had 9 spell levels left.
You didn't know any spells.
Your spell library contained the following spells:

 Spells                   Type           Power      Damage    Failure   Level
 Ensorcelled Hibernation  Hex/Ice        0%         N/A       56%         2
 Static Discharge         Conj/Air       0%         3-3/arc   56%         2
 Spider Form              Tmut/Pois      0%         N/A       80%         3
 Stone Arrow              Conj/Erth      0%         3d7       80%         3
 Anguish                  Hex/Necr       0%         N/A       99%         4
 Dispel Undead            Necr           0%         3d6       99%         4
 Sticky Flame             Conj/Fire      0%         2d3       99%         4
 Iskenderun's Battlesphe  Conj           0%         2d6       100%        5
 Iron Shot                Conj/Erth      0%         9d1       100%        6
 Lehudib's Crystal Spear  Conj/Erth      0%         10d2      100%        8
 Summon Small Mammal      Summ           Unusable   N/A       N/A         1
 Call Canine Familiar     Summ           Unusable   N/A       N/A         3
 Summon Guardian Golem    Hex/Summ       Unusable   N/A       N/A         3
 Animate Armour           Summ/Erth      Unusable   N/A       N/A         4
 Spellforged Servitor     Conj/Summ      Unusable   N/A       N/A         7

Dungeon Overview and Level Annotations

Branches:
Dungeon (9/15)             Temple (1/1) D:5
   Lair: D:8-11         Orc: D:9-12

Altars:
Ashenzari
Cheibriados
Elyvilon
Fedhas
Gozag
Hepliaklqana
Kikubaaqudgha
Makhleb
Nemelex Xobeh
Okawaru
Qazlal
Ru
Sif Muna
Uskayaw
Vehumet
Xom
Yredelemnul
Zin
The Shining One

Shops:
D:4 [


Innate Abilities, Weirdness & Mutations

You are too large for most types of armour.
You have claws for hands.
Your natural rate of healing is unusually fast.
You are covered in fur. (AC +1)
You have tough skin. (AC +1)


Message History

Something hits you. Something bites you!
Something draws strength from your injuries!
The orc wizard casts a spell.
The orc wizard flickers and vanishes!
You closely miss something. Something hits you.
Something bites you but does no damage.
You scratch something. Something completely misses you. x2
You miss something. Something hits you. Something bites you but does no damage.
You closely miss something. Something hits you! Something bites you!
Something draws strength from your injuries!
You miss something. Something hits you! Something bites you!
Something draws strength from your injuries!
You claw something! Your claw misses something. Something hits you.
Something bites you but does no damage.
You barely miss something. Something hits you.
Something bites you but does no damage.
You scratch something but do no damage. You claw something!
Your claw misses something. Something draws life force from you!
You miss something. Something hits you but does no damage.
Something bites you but does no damage.
You scratch something. Something draws life force from you!
You scratch something. Your claw misses something. Something hits you!
* * * LOW HITPOINT WARNING * * *
Something bites you!
* * * LOW HITPOINT WARNING * * *
Something draws strength from your injuries!
As you read the scroll of fear, it crumbles to dust.
You assume a fearsome visage.
The orc looks frightened! x2
Something hits you!
* * * LOW HITPOINT WARNING * * *
Something bites you.
* * * LOW HITPOINT WARNING * * *
Something draws strength from your injuries!
The orc blubbers, "Eeeeekkkk!"
As you read the scroll of teleportation, it crumbles to dust.
You feel strangely unstable. Something hits you.
* * * LOW HITPOINT WARNING * * *
Something bites you!
You die...

..#.#.#.......... ........ ..
........#...##### ######## #.
...######...# # #.## ### #...# #
##...###### #...# # ..........#
#...##############
..........######.................
#.......o..o.o{..................
#.........#.####@................
....##......# #..............<..
....##..o..## #.................
..........## #............(.[..
o.....[...# #.................
...$..##...# #.................
......##..........#.#.#..........
.^........###.##........########.
..........# ###.#.#.#. .


You could see 2 orcs.

Vanquished Creatures
  A two-headed ogre (D:8)
  Sigmund (D:5)
  A wyvern (D:7)
  5 yaks (D:8)
  A steam dragon (D:9)
  An acid dragon (D:8)
  Duvessa (D:4)
  A water moccasin (D:8)
  2 orc warriors
  3 ice beasts
  A sky beast (D:7)
  A centaur (D:8)
  A phantom (D:5)
  Blork the orc (D:4)
  2 kobold brigands (D:8)
  3 bullfrogs
  2 necrophages
  4 scorpions
  11 wights
  Dowan (D:4)
  5 killer bees (D:9)
  2 jellies
  2 howler monkeys (D:7)
  The ghost of hawla the Firebug, a weakling DEFE (D:3)
  4 hounds
  A gnoll bouda (D:7)
  An orc priest (D:6)
  Crazy Yiuf (D:2)
  Jessica (D:2)
  4 iguanas
  4 orc wizards
  8 adders
  4 gnolls
  A shadow imp (D:7)
  2 ufetubi
  A worm (D:2)
  2 dart slugs
  21 orcs
  9 endoplasms
  2 giant cockroaches
  6 goblins
  7 hobgoblins
  6 jackals
  9 kobolds
  3 quokkas
  6 ball pythons
  6 bats
  3 frilled lizards
  8 rats
174 creatures vanquished.

Vanquished Creatures (others)
  3 plants (D:8)
3 creatures vanquished.

Grand Total: 177 creatures vanquished

Notes
Turn   | Place    | Note
-------+----------+-------------------------------------------
     0 | D:1      | Smoke131 the Troll Gladiator began the quest for the Orb.
     0 | D:1      | Reached XP level 1. HP: 19/19 MP: 0/0
   204 | D:1      | Reached XP level 2. HP: 23/28 MP: 1/1
   761 | D:2      | Reached XP level 3. HP: 35/35 MP: 2/2
   854 | D:2      | Found a faded altar of an unknown god.
   923 | D:2      | Noticed Jessica
   931 | D:2      | Killed Jessica
   932 | D:2      | Reached XP level 4. HP: 41/42 MP: 3/3
  1101 | D:2      | Found a runed translucent door.
  1102 | D:2      | Noticed Crazy Yiuf
  1435 | D:2      | Killed Crazy Yiuf
  1539 | D:3      | Reached skill level 4 in Unarmed Combat
  1539 | D:3      | Reached XP level 5. HP: 27/50 MP: 4/4
  2134 | D:3      | Found a runed translucent door.
  2141 | D:3      | Noticed hawla's ghost (weakling DEFE)
  2151 | D:3      | Killed hawla's ghost
  2271 | D:4      | Noticed Duvessa
  2273 | D:4      | Noticed Dowan
  2279 | D:4      | Killed Duvessa
  2280 | D:4      | Reached XP level 6. HP: 56/61 MP: 5/5
  2314 | D:4      | Killed Dowan
  2694 | D:4      | Found a radiant altar of Vehumet.
  2729 | D:4      | Found Apna's Armour Emporium.
  2804 | D:4      | Noticed Blork the orc
  2815 | D:4      | Killed Blork the orc
  2816 | D:4      | Reached skill level 5 in Unarmed Combat
  2816 | D:4      | Reached XP level 7. HP: 48/68 MP: 6/6
  3150 | D:5      | Entered Level 5 of the Dungeon
  3315 | D:5      | Found an ancient bone altar of Kikubaaqudgha.
  3355 | D:5      | Found a staircase to the Ecumenical Temple.
  3366 | Temple   | Entered the Ecumenical Temple
  3425 | Temple   | Became a worshipper of Warmaster Okawaru
  3707 | D:5      | Noticed Sigmund
  3718 | D:5      | Killed Sigmund
  3718 | D:5      | Reached * piety under Okawaru
  3719 | D:5      | Reached skill level 6 in Unarmed Combat
  3723 | D:5      | Reached skill level 5 in Throwing
  3723 | D:5      | Reached XP level 8. HP: 79/79 MP: 7/7
  3726 | D:5      | Found a shimmering altar of Xom.
  3726 | D:5      | Found a shimmering altar of Xom.
  3793 | D:5      | Found a shimmering altar of Xom.
  3794 | D:5      | Found a shimmering altar of Xom.
  3797 | D:5      | Found a shimmering altar of Xom.
  3798 | D:5      | Found a shimmering altar of Xom.
  3798 | D:5      | Found a shimmering altar of Xom.
  3798 | D:5      | Found a shimmering altar of Xom.
  4232 | D:6      | Reached skill level 1 in Invocations
  4260 | D:6      | Reached skill level 5 in Fighting
  4345 | D:6      | Identified the +9 falchion of Zogun {venom, rF- rN+++
                  | Str+4}
  4423 | D:6      | Found a glowing golden altar of the Shining One.
  4773 | D:7      | Reached ** piety under Okawaru
  4777 | D:7      | Reached skill level 7 in Unarmed Combat
  4805 | D:7      | Reached XP level 9. HP: 69/88 MP: 10/10
  5370 | D:8      | Identified a scroll of acquirement
  5370 | D:8      | Acquired the ring "Vuntatos" {rF+ rC+ Will+ Str+3 Int+3}
  5436 | D:8      | Reached *** piety under Okawaru
  5443 | D:8      | Received a gift from Okawaru
  5446 | D:8      | Reached skill level 8 in Unarmed Combat
  5823 | D:8      | Reached XP level 10. HP: 89/91 MP: 12/12
  5868 | D:8      | Found a burning altar of Makhleb.
  5896 | D:8      | Noticed a two-headed ogre
  5916 | D:8      | Reached skill level 5 in Invocations
  5972 | D:8      | Killed a two-headed ogre
  5972 | D:8      | Reached **** piety under Okawaru
  6195 | D:8      | Received a gift from Okawaru
  6601 | D:9      | HP: 3/102 [something (5)]
  6601 | D:9      | Mangled by a vampire

Illustrated notes

Levels and vault maps discovered:
D:1:      minmay_arrival_hallway, layout_loops_ring,
          chequers_serial_rivers_large_a
D:2:      minmay_general_purpose_star, layout_basic,
          shapermc_ecumenical_altar_venn, uniq_crazy_yiuf_cottage, uniq_jessica
D:3:      layout_loops_ring, serial_glass, glass_columns_c, glass_columns_b,
          ebering_ghost_reflecting_pool, minmay_misc_feat_doors
D:4:      layout_loops_cross, mainiacjoe_overflow_paths, serial_shops,
          nicolae_shop_waterfront, glass_columns_a, serial_bayou_pond_e,
          grunt_decor_arrowhead, uniq_blork_the_orc, uniq_duvessa
D:5:      layout_cave_pods, xom_redecorated,
          nicolae_kikubaaqudgha_miasma_corner, temple_green,
          hangedman_abyss_or_decor_passed, uniq_sigmund
D:6:      layout_basic, mainiacjoe_overflow_six_doors_small
D:7:      layout_cave_pools
D:8:      layout_basic, mainiacjoe_overflow_boulevard
D:9:      layout_long_grid, trog_butcher_becter, erik_orc_4, serial_glass,
          glass_columns_b, glass_columns_b
Temple:   nicolae_temple_superstar

Skill      XL: |  1  2  3  4  5  6  7  8  9 10 |
---------------+-------------------------------+-----
Throwing       | 2 3 4 5 7 |  7.5
Fighting       | 2 3 4 5 6 7 |  7.0
Dodging        | 3 |  3.0
Unarmed Combat | 4 5 6 7 8 |  8.7
Invocations    | 3 4 5 |  5.4

Action                   |  1- 3 |  4- 6 |  7- 9 | 10-12 || total
-------------------------+-------+-------+-------+-------++-------
Melee: Unarmed           |    82 |   136 |   225 |    69 ||   512
       Punch             |       |     3 |     8 |     3 ||    14
Throw: Large rock        |     2 |     4 |       |     2 ||     8
       Throwing net      |     3 |       |       |       ||     3
       Dart              |       |     2 |     1 |       ||     3
       Javelin           |       |       |     3 |       ||     3
       Boomerang         |       |       |       |     9 ||     9
  Use: Scroll            |       |    10 |     6 |     7 ||    23
 Stab: Sleeping          |     1 |       |     2 |       ||     3
Armor: Robe              |    34 |    33 |    55 |    11 ||   133
       Steam dragon scal |       |       |       |     6 ||     6
Dodge: Dodged            |    49 |    73 |   101 |    34 ||   257
